 Dungeon Crawl Stone Soup version 0.17-a0-702-gb3a3556 (webtiles) character file.

730 laxity the Transmogrifier (level 7, -4/57 HPs)
             Began as a Naga Transmuter on Apr 19, 2015.
             Slain by a trapdoor spider zombie (13 damage)
             ... on level 5 of the Dungeon.
             The game lasted 00:10:04 (5746 turns).

laxity the Transmogrifier (Naga Transmuter)         Turns: 5746, Time: 00:10:04

Health: -4/57      AC:  2    Str: 12    XL:     7   Next: 73%
Magic:  9/10       EV: 19    Int: 16    God:
Gold:   117        SH:  0    Dex: 16    Spells: 3 memorised, 1 level left

rFire  . . .     SeeInvis +       - Unarmed
rCold  . . .     Clarity  .     (armour currently unavailable)
rNeg   + . .     SustAb   .     (shield currently unavailable)
rPois  x         Gourm    .     (helmet currently unavailable)
rElec  .         Spirit   .     (cloak currently unavailable)
rCorr  .         Warding  .     (gloves currently unavailable)
rMut   .         Stasis   .     (no barding)
MR     .....                    (no amulet)
Stlth  ..........               t - ring of positive energy
                                j - ring of loudness (curse)

@: spider-form (expiring), not resistant to hostile enchantments, extremely
unstealthy
A: see invisible, (deformed body), (poison resistance), (slowness 0), spit
poison 2, AC +2
a: Spit Poison, End Transformation


You were on level 5 of the Dungeon.
You were not hungry.
You were a venomous arachnid creature.
You visited 1 branch of the dungeon, and saw 5 of its levels.

You collected 177 gold pieces.
You spent 60 gold pieces at shops.

Inventory:

Armour
 b - a +0 cloak (melded)
 c - a +1 robe (melded)
Jewellery
 j - a cursed ring of loudness (left front leg)
 t - a ring of positive energy (right front leg)
Scrolls
 g - a scroll of enchant armour
 i - a scroll of teleportation
 p - 2 scrolls of amnesia
Potions
 e - a potion of resistance
 h - a potion of mutation
 n - a potion of brilliance
 o - 2 potions of poison {unknown}
 q - a potion of restore abilities
 r - a potion of curing
 w - a potion of cancellation
Books
 d - a book of Changes

   Spells                             Type                      Level
   a - Beastly Appendage              Transmutation                1
   b - Sticks to Snakes               Transmutation                2
   c - Spider Form                    Transmutation/Poison         3
   d - Ice Form                       Ice/Transmutation            4
   e - Blade Hands                    Transmutation                5
 u - a book of Burglary

   Spells                             Type                      Level
   a - Swiftness                      Charms/Air                   2
   b - Passwall                       Transmutation/Earth          3
   c - Passage of Golubria            Translocation                4
   d - Lee's Rapid Deconstruction     Earth                        5
   e - Invisibility                   Hexes                        6
   f - Darkness                       Hexes                        7
Comestibles
 a - 3 bread rations
 f - 8 fruits
 k - a beef jerky
 m - 2 royal jellies
 s - 2 meat rations


   Skills:
 - Level 1.0 Fighting
 - Level 1.5 Dodging
 - Level 3.0 Unarmed Combat
 - Level 2.0 Spellcasting
 + Level 8.5 Transmutations


You had one spell level left.
You knew the following spells:

 Your Spells              Type           Power        Failure   Level  Hunger
a - Beastly Appendage     Trmt           ####..       4%          1    #......
b - Spider Form           Trmt/Pois      ###.......   28%         3    ###....
c - Blade Hands           Trmt           ####......   36%         5    ######.


Dungeon Overview and Level Annotations

Branches:
Dungeon (5/15)
 Temple: D:4-7

Altars:
Gozag
Nemelex Xobeh
Okawaru
Ru
Xom

Shops:
D:5 [*%


Innate Abilities, Weirdness & Mutations

You cannot wear boots.
((Your serpentine skin is tough (AC +2).))
You have supernaturally acute eyesight.
((Armour fits poorly on your strangely shaped body.))
((Your system is resistant to poisons.))
((You cover ground very slowly.))
You can spit poison.


Message History

You hit the trapdoor spider zombie but do no damage.
The trapdoor spider zombie bites you! The giant newt barely misses you.
You are too injured to fight recklessly!
You are too injured to fight recklessly!
You are too injured to fight recklessly!
You are too injured to fight recklessly!
You are too injured to fight recklessly!
You are too injured to fight recklessly!
You are too injured to fight recklessly!
You are too injured to fight recklessly!
You are too injured to fight recklessly!
You hit the trapdoor spider zombie.
The trapdoor spider zombie closely misses you.
The trapdoor spider zombie bites you!
* * * LOW HITPOINT WARNING * * *
You hit the trapdoor spider zombie. The trapdoor spider zombie bites you!
* * * LOW HITPOINT WARNING * * *
Drink which item? (? for menu, Esc to quit)
You feel better. The trapdoor spider zombie bites you!
You die...

#........#.......##'##..
#........#.......#..####
#........'.......#......
+........#.......+..<...
#........#.......##+##+#
##+###...#..............
#...#####'#........
#.∩...'.... .......
+.s...#.... .......
##Z#### . ......
#.....l.# ......
+.......# ......
#.......+ .....
#.......# .... #..?....#
... ######## ##


You could see a trapdoor spider zombie and a giant newt.

Vanquished Creatures
  2 ogres
  A giant frog (D:4)
  A centaur zombie (D:5)
  The ghost of asdu the Cudgeler, a weakling VSBe of Trog (D:3)
  A hound (D:4)
  2 orc wizards
  2 crimson imps
  Crazy Yiuf (D:4)
  2 orc priests (D:4)
  A worker ant (D:5)
  2 gnolls (D:5)
  7 adders
  A shadow imp (D:5)
  A worm (D:4)
  12 orcs
  2 ball pythons
  8 bats
  3 giant cockroaches
  12 goblins
  5 hobgoblins
  3 jackals (D:3)
  12 kobolds
  A quokka (D:3)
  2 giant geckos
  A giant gecko skeleton (D:5)
  A giant gecko zombie (D:5)
  6 giant newts
  10 rats
103 creatures vanquished.

Notes
Turn   | Place    | Note
--------------------------------------------------------------
     0 | D:1      | laxity, the Naga Transmuter, began the quest for the Orb.
     0 | D:1      | Reached XP level 1. HP: 18/18 MP: 3/3
   420 | D:1      | Reached XP level 2. HP: 25/25 MP: 5/5
  1109 | D:2      | Found a shimmering altar of Xom.
  1127 | D:2      | Reached XP level 3. HP: 7/31 MP: 4/6
  1365 | D:2      | Learned a level 3 spell: Spider Form
  1440 | D:2      | Found an iron altar of Okawaru.
  1711 | D:2      | Found an opulent altar of Gozag.
  1990 | D:2      | Reached skill level 4 in Transmutations
  2207 | D:2      | Reached XP level 4. HP: 25/38 MP: 3/7
  2956 | D:3      | Reached skill level 5 in Transmutations
  2958 | D:3      | Reached XP level 5. HP: 34/44 MP: 4/8
  3743 | D:3      | Noticed asdu's ghost (weakling VSBe)
  3757 | D:3      | Killed asdu's ghost
  3892 | D:4      | Reached skill level 6 in Transmutations
  3892 | D:4      | Reached XP level 6. HP: 28/51 MP: 0/9
  4138 | D:4      | Noticed an ogre
  4145 | D:4      | Killed an ogre
  4187 | D:4      | Found a sacrificial altar of Ru.
  4305 | D:4      | Found a sparkling altar of Nemelex Xobeh.
  4320 | D:4      | Reached skill level 7 in Transmutations
  4341 | D:4      | Reached XP level 7. HP: 13/57 MP: 6/10
  4662 | D:4      | Learned a level 5 spell: Blade Hands
  4690 | D:4      | Noticed Crazy Yiuf
  4697 | D:4      | Killed Crazy Yiuf
  5046 | D:5      | Entered Level 5 of the Dungeon
  5162 | D:5      | Found Jeejavof's General Store.
  5177 | D:5      | Bought a scroll of identify for 20 gold pieces
  5177 | D:5      | Bought a potion of brilliance for 40 gold pieces
  5178 | D:5      | Found Otiys's Food Shop.
  5288 | D:5      | Reached skill level 8 in Transmutations
  5721 | D:5      | Found Ucaisyu's Antique Armour Emporium.
  5728 | D:5      | Noticed a trapdoor spider zombie
  5745 | D:5      | HP: 1/57 [trapdoor spider zombie (11)]
  5746 | D:5      | Slain by a trapdoor spider zombie

Action                   |  1- 3 |  4- 6 |  7- 9 || total
-------------------------+-------+-------+-------++-------
Melee: Unarmed           |   115 |   230 |   121 ||   466
 Cast: Beastly Appendage |     2 |       |       ||     2
       Spider Form       |     5 |    15 |    12 ||    32
  Use: Scroll            |       |       |    14 ||    14
       Potion            |       |       |     1 ||     1
  Eat: Chunk             |     4 |    10 |     6 ||    20
